 Dungeon Crawl Stone Soup version 0.19.5 (webtiles) character file.

883 Gargoyl the Skirmisher (level 8, 0/67 HPs)
             Began as a Ghoul Abyssal Knight on Apr 4, 2017.
             Was a Priest of Lugonu.
             Splashed by a jelly's acid (9 damage)
             ... on level 5 of the Dungeon.
             The game lasted 00:11:17 (4398 turns).

Gargoyl the Skirmisher (Ghoul Abyssal Knight)       Turns: 4398, Time: 00:11:19

Health: 0/67       AC: -6    Str: 16    XL:     8   Next: 5%
Magic:  10/10      EV:  7    Int:  7    God:    Lugonu [***...]
Gold:   235        SH:  5    Dex: 10    Spells: 0 memorised, 7 levels left

rFire  . . .     SeeInvis .     a - +2 hand axe (drain)
rCold  + . .     Gourm    .     l - +0 chain mail
rNeg   + + +     Faith    .     b - +2 buckler
rPois  ∞         Spirit   .     (no helmet)
rElec  .         Reflect  .     (no cloak)
rCorr  .         Harm     .     (no gloves)
MR     .....                    (no boots)
Stlth  ..........               (no amulet)
                                (no ring)
                                (no ring)

@: corroded, rotting
A: rotting body, claws 1, carnivore 3, cold resistance 1, negative energy
resistance 3, slow regeneration 1, torment resistance, unbreathing
a: Depart the Abyss, Bend Space, Banish, Renounce Religion


You were on level 5 of the Dungeon.
You worshipped Lugonu.
Lugonu was most pleased with you.
You were not hungry.

You visited 1 branch of the dungeon, and saw 5 of its levels.
You visited the Abyss 1 time.

You collected 382 gold pieces.
You spent 147 gold pieces at shops.

Inventory:

Hand Weapons
 a - a +2 hand axe of draining (weapon)
 s - a +0 war axe
Missiles
 o - 9 tomahawks (quivered)
Armour
 b - a +2 buckler (worn)
 l - a +0 chain mail (worn)
Wands
 h - a wand of slowing (37/48)
 j - a wand of iceblast (8/15)
Scrolls
 e - 2 scrolls of amnesia
 f - 2 scrolls of teleportation
 p - a scroll of enchant armour
 q - 2 scrolls of identify
 t - a scroll of remove curse
Potions
 d - 2 potions of agility {unknown}
 i - a potion of degeneration {unknown}
 k - 2 potions of heal wounds {unknown}
 m - a potion of lignification {unknown}
Comestibles
 c - 2 meat rations
 n - 2 slices of pizza
 r - 2 beef jerkies


   Skills:
 + Level 4.8 Fighting
 + Level 4.5 Axes
 + Level 0.3 Throwing
 * Level 4.7 Armour
 + Level 1.6 Dodging
 + Level 1.5 Shields
 * Level 4.5 Invocations


You had 7 spell levels left.
You didn't know any spells.

Dungeon Overview and Level Annotations

Branches:
Dungeon (5/15)
 Temple: D:4-7

Altars:
Ashenzari
Cheibriados
Dithmenos
Fedhas
Gozag
Trog
Uskayaw

Shops:
D:4 *   D:5 :


Innate Abilities, Weirdness & Mutations

Your body is rotting away.
You thrive on raw meat.
You are immune to poison.
You have sharp fingernails.
You are carnivorous and can eat meat at any time.
Your flesh is cold resistant. (rC+)
You are immune to negative energy. (rN+++)
You regenerate slowly when monsters are visible.
You are immune to unholy pain and torment.
You can survive without breathing.


Message History

The jelly is moderately wounded.
The jelly barely misses you.
Your chain mail prevents you from hitting the jelly.
The jelly is moderately wounded.
The jelly barely misses you.
You hit the jelly but do no damage. You drain the jelly!
Your claws burn!
The jelly is heavily wounded.
The jelly closely misses you.
You slash the jelly! The acid corrodes you!
Your claws burn!
The jelly is severely wounded.
The jelly hits you. The acid corrodes you!
You are splashed with acid!
The acid burns!
* * * LOW HITPOINT WARNING * * *
You hit the jelly but do no damage. You drain the jelly!
Your claws burn!
* * * LOW HITPOINT WARNING * * *
The jelly is almost dead.
The jelly hits you.
* * * LOW HITPOINT WARNING * * *
You are splashed with acid!
The acid burns!
You die...

.+......#.........#
.#................##
<+.................#
.#..........<......#
.+.................+
J#......##.........#
...................#
..........∩.....J..#
#..........#####@###
#..........#####...#
#.............####.#
#..........##.# #.#
#......#+#.##.####.#
...........##......#
..####.....#########
..+ +.....# .
..####.....#.#


You could see a jelly.

Vanquished Creatures
  An ice beast (D:5)
  A black bear (D:5)
  An ogre (D:5)
  A phantom (D:4)
  A scorpion (D:4)
  2 orc priests
  A hound (D:5)
  4 orc wizards
  A worker ant (D:5)
  A hound skeleton (D:4)
  4 gnolls (D:4)
  6 adders
  A shadow imp (D:4)
  An ooze (D:4)
  2 worms
  2 dart slugs
  3 leopard geckos
  16 orcs
  A ball python (D:2)
  9 bats
  6 giant cockroaches
  10 goblins
  14 hobgoblins
  11 jackals
  A quokka (D:5)
  8 frilled lizards
  7 kobolds
  14 rats
130 creatures vanquished.

Notes
Turn   | Place    | Note
-------+----------+-------------------------------------------
     0 | Abyss:1  | Gargoyl the Ghoul Abyssal Knight began the quest for the Orb.
     0 | Abyss:1  | Reached XP level 1. HP: 19/19 MP: 1/1
   135 | Abyss:2  | Noticed a sun demon
   135 | D:1      | Escaped the Abyss
   195 | D:1      | Reached XP level 2. HP: 26/26 MP: 2/2
   236 | D:1      | Reached * piety under Lugonu
   248 | D:1      | Reached XP level 3. HP: 16/33 MP: 3/3
  1018 | D:2      | Reached skill level 1 in Dodging
  1231 | D:2      | Reached XP level 4. HP: 40/40 MP: 4/4
  1262 | D:2      | Reached ** piety under Lugonu
  1825 | D:3      | Found a hide-covered altar of Uskayaw.
  1970 | D:3      | Found a shadowy altar of Dithmenos.
  1971 | D:3      | Found a shattered altar of Ashenzari.
  1972 | D:3      | Found an opulent altar of Gozag.
  2033 | D:3      | Found a bloodstained altar of Trog.
  2050 | D:3      | Reached XP level 5. HP: 46/46 MP: 5/5
  2240 | D:3      | Found a snail-covered altar of Cheibriados.
  2679 | D:5      | Entered Level 5 of the Dungeon
  2983 | D:5      | Found a bloodstained altar of Trog.
  3093 | D:4      | Found Yhamic's General Store.
  3104 | D:4      | Bought a scroll of teleportation for 42 gold pieces
  3104 | D:4      | Bought a scroll of enchant armour for 105 gold pieces
  3216 | D:4      | Noticed a phantom
  3243 | D:4      | Killed a phantom
  3243 | D:4      | Reached XP level 6. HP: 44/52 MP: 7/7
  3264 | D:4      | Reached *** piety under Lugonu
  3724 | D:4      | Found a blossoming altar of Fedhas.
  3829 | D:4      | Reached XP level 7. HP: 50/59 MP: 8/8
  3923 | D:4      | Reached skill level 1 in Shields
  4275 | D:5      | Reached XP level 8. HP: 36/67 MP: 10/10
  4359 | D:5      | Found Vaoz's Book Shoppe.
  4398 | D:5      | Splashed by a jelly's acid

Skill      XL: |  1  2  3  4  5  6  7 |
---------------+----------------------+-----
Axes           | 2 3 4 |  4.5
Armour         | 2 3 4 |  4.7
Dodging        | 1 |  1.6
Fighting       | 4 |  4.8
Invocations    | 3 4 |  4.5
Shields        | 1 |  1.5
Throwing       | |  0.3

Action                   |  1- 3 |  4- 6 |  7- 9 || total
-------------------------+-------+-------+-------++-------
Melee: Hand axe          |    84 |   213 |   120 ||   417
Throw: Tomahawk          |       |     5 |       ||     5
Invok: Depart the Abyss  |     1 |       |       ||     1
  Use: Scroll            |     6 |     2 |     2 ||    10
       Potion            |       |     3 |       ||     3
 Stab: Invisible         |       |     2 |       ||     2
  Eat: Chunk             |    18 |    35 |    24 ||    77
Armor: Ring mail         |    47 |    37 |       ||    84
       Scale mail        |       |    21 |       ||    21
       Chain mail        |       |    42 |    78 ||   120
Dodge: Dodged            |    67 |    96 |    41 ||   204
Block: Buckler           |       |    48 |    35 ||    83
